 Dungeon Crawl Stone Soup version 0.27.1 (webtiles) character file.

Game seed: 9938595478993067177

719 ZARRMARR the Changer (level 7, -1/43 HPs)
             Began as an Octopode Transmuter on Aug 29, 2021.
             Slain by a sky beast (6 damage)
             ... on level 6 of the Dungeon on Aug 30, 2021.
             The game lasted 00:33:12 (4848 turns).

ZARRMARR the Changer (Octopode Transmuter)          Turns: 4848, Time: 00:33:13

Health: -1/43      AC:  1    Str:  9    XL:     7   Next: 70%
Magic:  15/15      EV: 13    Int: 17    God:
Gold:   150        SH:  0    Dex: 13    Spells: 16/17 levels left

rFire    . . .     SeeInvis .     - Unarmed
rCold    + . .     Faith    .   (no shield)
rNeg     . . .     Spirit   .   (helmet currently unavailable)
rPois    .         Reflect  .   f - amulet of regeneration
rElec    .         Harm     .   g - ring of protection from cold
rCorr    .         Rampage  .   (no ring)
Will     .....                  (no ring)
Stlth    ++........             (no ring)
HPRegen  1.14/turn              (no ring)
MPRegen  0.14/turn              (no ring)
                                (no ring)
                                (no ring)

@: appendages
A: tentacle spike 3, almost no armour, amphibious, 8 rings, camouflage 1,
gelatinous body 1, (nimble swimmer 1), tentacles
a: End Transformation


You were on level 6 of the Dungeon.
One of your tentacles had grown a beastly spike.
You visited 1 branch of the dungeon, and saw 6 of its levels.

You collected 150 gold pieces.

Inventory:

Missiles
 k - 10 boomerangs (quivered)
Jewellery
 c - a ring of flight
 f - an amulet of regeneration (around mantle)
 g - a ring of protection from cold (left tentacle)
Wands
 q - a wand of flame (11)
Scrolls
 a - 2 scrolls of amnesia
 e - a scroll of fog
 i - a scroll of enchant weapon
 m - a scroll of teleportation
 n - a scroll of enchant armour {unknown}
 p - a scroll of vulnerability
Potions
 b - a potion of haste {unknown}
 d - 2 potions of heal wounds {unknown}
 h - a potion of degeneration {unknown}
 j - a potion of flight {unknown}
 l - 2 potions of brilliance {unknown}
 o - a potion of invisibility


   Skills:
 - Level 1.0 Fighting
 - Level 2.0 Dodging
 - Level 3.0 Unarmed Combat
 + Level 5.8 Spellcasting
 + Level 5.9 Transmutations


You had 16 spell levels left.
You knew the following spells:

 Your Spells              Type           Power      Damage    Failure   Level
a - Beastly Appendage     Tmut           50%        N/A       1%          1

Your spell library contained the following spells:

 Spells                   Type           Power      Damage    Failure   Level
 Wereblood                Tmut           25%        N/A       1%          2
 Spider Form              Tmut/Pois      7%         N/A       12%         3
 Static Discharge         Conj/Air       4%         N/A       21%         2
 Ice Form                 Ice/Tmut       15%        N/A       36%         4
 Lightning Bolt           Conj/Air       2%         1d13      98%         5
 Maxwell's Capacitive Co  Air            2%         ∞         100%        8


Dungeon Overview and Level Annotations

Branches:
Dungeon (6/15)
 Temple: D:4-7

Altars:
Cheibriados

Shops:
D:2 [

Annotations:
D:3 3 runed translucent doors, nxtlvl's ghost, weakling DEMo
D:5 Edmund
D:6 Eustachio


Innate Abilities, Weirdness & Mutations

One of your tentacles has grown a beastly spike.
You cannot wear most types of armour.
You are amphibious.
You can wear up to eight rings at the same time.
Your skin changes colour to match your surroundings (Stealth+).
Your rubbery body absorbs attacks. (AC +1, EV +1)
((You are camouflaged near water. (Stealth+)))
You have tentacles for arms and can constrict up to eight enemies at once.


Message History

You barely miss the sky beast. You squeeze the sky beast.
The sky beast is moderately wounded.
The sky beast hits you but does no damage.
You tentacle-slap the sky beast.
Your tentacle spike misses the sky beast.
The sky beast is heavily wounded.
The sky beast barely misses you.
You tentacle-slap the sky beast.
Your tentacle spike misses the sky beast.
The sky beast is heavily wounded.
The sky beast hits you. The sky beast shocks you.
You tentacle-slap the sky beast but do no damage.
Your tentacle spike misses the sky beast.
The sky beast is heavily wounded.
The sky beast barely misses you.
You tentacle-slap the sky beast. You squeeze the sky beast.
The sky beast is severely wounded.
The sky beast hits you. The sky beast shocks you.
You barely miss the sky beast.
You pierce the sky beast.
Your squeeze misses the sky beast.
The sky beast is severely wounded.
The sky beast flickers out of sight!
Deactivating autopickup; reactivate with Ctrl-A.
Something hits you but does no damage.
You tentacle-slap something but do no damage.
Your tentacle spike misses something.
Something hits you. Something shocks you.
You miss something.
Your tentacle spike misses something.
Your squeeze misses something. Something barely misses you.
You closely miss something. You squeeze something. Something barely misses you.
You miss something.
You pierce something.
Your squeeze misses something. Something hits you. Something shocks you.
You closely miss something. Something hits you.
* * * LOW HITPOINT WARNING * * *
Something shocks you.
* * * LOW HITPOINT WARNING * * *
You miss something.
Your tentacle spike misses something.
You squeeze something. Something hits you.
* * * LOW HITPOINT WARNING * * *
Something shocks you.
You die...

#.# ##.#.## #.#
#.###.# #.# ##.#.##
..# ##.## ≈.# ###
≈.# ..# ######### ##
§.# #.......{## ..
≈.######.#######@#.#
..)...............#
###################


There were no monsters in sight!

Vanquished Creatures
  An ice beast (D:6)
  2 necrophages
  An ogre (D:5)
  A bullfrog (D:6)
  A hound (D:5)
  An orc priest (D:5)
  A jelly (D:5)
  A centaur skeleton (D:5)
  9 adders
  A shadow imp (D:6)
  A worm (D:2)
  A dart slug (D:1)
  15 orcs
  4 ball pythons
  6 endoplasms
  6 giant cockroaches
  3 hobgoblins
  2 jackals (D:1)
  4 kobolds
  5 quokkas
  6 bats
  5 frilled lizards
  7 goblins
  9 rats
93 creatures vanquished.

Notes
Turn   | Place    | Note
-------+----------+-------------------------------------------
     0 | D:1      | ZARRMARR the Octopode Transmuter began the quest for the
                  | Orb.
     0 | D:1      | Reached XP level 1. HP: 13/13 MP: 3/3
   393 | D:1      | Reached XP level 2. HP: 14/18 MP: 3/5
   642 | D:1      | Found a faded altar of an unknown god.
   773 | D:1      | You are sucked into a shaft and drop 1 floor!
   812 | D:2      | Reached XP level 3. HP: 23/23 MP: 5/7
  2075 | D:2      | Reached XP level 4. HP: 8/28 MP: 6/8
  2369 | D:2      | You are sucked into a shaft and drop 1 floor!
  2433 | D:2      | Found Jirphug's Armour Shoppe.
  3067 | D:3      | Reached XP level 5. HP: 30/33 MP: 8/10
  3102 | D:3      | Found a runed translucent gate.
  3103 | D:3      | Found a runed translucent gate.
  3103 | D:3      | Found a runed translucent gate.
  3103 | D:3      | Noticed nxtlvl's ghost (weakling DEMo)
  4169 | D:5      | Entered Level 5 of the Dungeon
  4255 | D:5      | Reached XP level 6. HP: 34/38 MP: 12/12
  4428 | D:5      | Noticed a necrophage
  4431 | D:5      | Noticed Edmund
  4441 | D:5      | Killed a necrophage
  4442 | D:5      | Reached skill level 5 in Spellcasting
  4442 | D:5      | Reached skill level 5 in Transmutations
  4442 | D:5      | Reached XP level 7. HP: 35/43 MP: 14/14
  4679 | D:6      | Noticed Eustachio
  4805 | D:6      | Found a snail-covered altar of Cheibriados.
  4848 | D:6      | Slain by a sky beast

Illustrated notes

Levels and vault maps discovered:
D:1:      lightli_arrival_farm, layout_basic,
          ebering_ecumenical_altar_sacrificial, serial_bayou_pond_a
D:2:      layout_rooms, serial_shops, nicolae_shop_crystal, minmay_pentomino_w2
D:3:      layout_basic, ebering_ghost_rock_garden
D:4:      layout_basic
D:5:      layout_rooms, minmay_temple_entry_poolview, minmay_misc_feat_tower,
          grunt_ministairs_10, hangedman_decor_opposing, minivault_14,
          uniq_edmund
D:6:      layout_loops_ring, kennysheep_mini_moat, gup_sewer_entry_bubbles,
          uniq_maggie, uniq_eustachio

Skill      XL: |  1  2  3  4  5  6 |
---------------+-------------------+-----
Transmutations | 3 4 5 |  5.9
Spellcasting   | 3 4 5 |  5.8
Fighting       | |  1.0
Dodging        | |  2.0
Unarmed Combat | |  3.0

Action                   |  1- 3 |  4- 6 |  7- 9 || total
-------------------------+-------+-------+-------++-------
Melee: Unarmed           |    76 |   136 |    68 ||   280
       Constrict         |    20 |    33 |     5 ||    58
       Kick              |    19 |    32 |    21 ||    72
       Tentacles         |     9 |    17 |    10 ||    36
       Punch             |     1 |     4 |     2 ||     7
Throw: Boomerang         |       |    30 |    15 ||    45
 Cast: Beastly Appendage |    20 |    31 |     7 ||    58
Evoke: Wand              |       |       |     5 ||     5
  Use: Scroll            |     3 |     4 |     2 ||     9
 Stab: Sleeping          |     1 |     6 |     1 ||     8
       Distracted        |     1 |       |       ||     1
Armor: Skin              |     2 |    15 |     3 ||    20
Dodge: Dodged            |    48 |    67 |    36 ||   151
